 Dungeon Crawl Stone Soup version 0.29.1-1-gd02db6906a (webtiles) character file.

Game seed: 16792064462117266802

38 DemonSlayer the Firebug (level 3, -9/24 HPs)
             Began as a Demonspawn Fire Elementalist on Oct 20, 2022.
             Mangled by Sigmund
             ... wielding a +0 scythe
              (11 damage)
             ... on level 2 of the Dungeon.
             The game lasted 00:03:48 (1414 turns).

DemonSlayer the Firebug (DsFE)                      Turns: 1414, Time: 00:03:49

Health: -9/24      AC:  2    Str:  8    XL:     3   Next: 25%
Magic:  0/6        EV: 12    Int: 18    God:
Gold:   80         SH:  0    Dex: 13    Spells: 0/6 levels left

rFire   . . .      SeeInvis .   c - +0 whip
rCold   . . .      Faith    .   (no shield)
rNeg    . . .      Spirit   .   a - +0 robe
rPois   .          Reflect  .   b - +0 hat
rElec   .          Harm     .   (no cloak)
rCorr   .          Rampage  .   (no gloves)
Will    .....                   (no boots)
Stlth   ++........              (no amulet)
HPRegen 0.08/turn               (no ring)
MPRegen 0.10/turn               (no ring)

@: no status effects
A: demonic touch 2
a: no special abilities


You were on level 2 of the Dungeon.
You visited 1 branch of the dungeon, and saw 2 of its levels.

You collected 80 gold pieces.

Inventory:

Hand Weapons
 c - a +0 whip (weapon)
Armour
 a - a +0 robe (worn)
 b - a +0 hat (worn)
 g - a +0 pair of boots
Scrolls
 d - a scroll of torment {unknown}
 e - 4 scrolls of teleportation {unknown}
 f - a scroll of identify {unknown}


   Skills:
 + Level 0.1 Maces & Flails
 + Level 2.1 Dodging
 + Level 1.9 Stealth
 + Level 2.4 Spellcasting
 + Level 1.6 Conjurations
 + Level 3.1 Fire Magic


You couldn't memorise any spells.
You knew the following spells:

 Your Spells              Type           Power      Damage    Failure   Level
a - Foxfire               Conj/Fire      40%        2x1d6     6%          1
b - Scorch                Fire           26%        2d6       7%          2
c - Conjure Flame         Conj/Fire      10%        6-21      19%         3

Your spell library contained the following spells:

 Spells                   Type           Power      Damage    Failure   Level
 Inner Flame              Hex/Fire       7%         N/A       26%         3
 Flame Wave               Conj/Fire      10%        2d6       54%         4


Dungeon Overview and Level Annotations

Branches:
Dungeon (2/15)

Altars:

Annotations:
D:2 Sigmund


Innate Abilities, Weirdness & Mutations

Your touch may inflict irresistible damage on your foes.


Message History

You kill the goblin!
Sigmund mumbles some strange words.
Sigmund flickers and vanishes!
Deactivating autopickup; reactivate with Ctrl-A.
You conjure some foxfire!
The foxfire hits the kobold.
The kobold is moderately wounded.
The foxfire hits the kobold.
The kobold is heavily wounded.
Unknown command.
You conjure some foxfire!
The foxfire hits the kobold.
You kill the kobold!
Unknown command.
You conjure some foxfire!
The foxfire hits something but does no damage.
The foxfire hits something.
The foxfire hits something but does no damage.
Unknown command.
You conjure some foxfire!
The foxfire hits something but does no damage.
The foxfire hits something.
Unknown command.
You are out of magic!
Unknown command.
You are out of magic!
Unknown command.
You are out of magic!
g - a +0 pair of boots The foxfire hits something. x2
Something hits you.
Keep equipping yourself?
You stop putting on your armour.
You conjure some foxfire!
The foxfire hits something. x2; Something hits you!
You miss something. You punch something. Something hits you.
You miss something. You barely miss something. Your touch misses something.
Something hits you!
* * * LOW HITPOINT WARNING * * *
You aren't carrying any potions.
Something hits you!
You die...

.# #..........#
..##..........#
...#..........#
........).....#
......).......#
#..#........##
#...........#
#..[..{..:..#
##......@...#
#..........#
#.........<#
##....>.|.##
#.......##
#.####### #. #.


There were no monsters in sight!

Vanquished Creatures
  2 dart slugs (D:1)
  2 ball pythons (D:1)
  3 endoplasms (D:1)
  2 giant cockroaches (D:1)
  4 goblins
  A hobgoblin (D:1)
  4 jackals (D:1)
  3 quokkas (D:1)
  A bat (D:1)
  4 kobolds
  3 rats (D:1)
29 creatures vanquished.

Vanquished Creatures (others)
  109 foxfires
109 creatures vanquished.

Grand Total: 138 creatures vanquished

Notes
Turn   | Place    | Note
-------+----------+-------------------------------------------
     0 | D:1      | DemonSlayer the Demonspawn Fire Elementalist began the
                  | quest for the Orb.
     0 | D:1      | Reached XP level 1. HP: 13/13 MP: 3/3
   374 | D:1      | Found a faded altar of an unknown god.
   379 | D:1      | Reached skill level 3 in Fire Magic
   390 | D:1      | Gained mutation: Your touch may inflict minor irresistible
                  | damage on your foes. [demonic ancestry]
   390 | D:1      | Reached XP level 2. HP: 9/19 MP: 3/5
   751 | D:1      | Gained mutation: Your touch may inflict irresistible damage
                  | on your foes. [demonic ancestry]
   751 | D:1      | Reached XP level 3. HP: 13/24 MP: 0/6
  1071 | D:1      | Learned a level 2 spell: Scorch
  1362 | D:1      | Learned a level 3 spell: Conjure Flame
  1399 | D:2      | Noticed Sigmund
  1414 | D:2      | Mangled by Sigmund

Illustrated notes

Levels and vault maps discovered:
D:1:      dpeg_arrival_round_b, layout_rooms,
          dreamdust_ecumenical_altar_statues, serial_curves, eino_curves_03,
          eino_curves_04
D:2:      layout_rooms, st_stairs_10, uniq_sigmund, uniq_jessica

Skill      XL: |  1 |
---------------+----+-----
Dodging        | 2 |  2.1
Fire Magic     | 3 |  3.1
Maces & Flails | |  0.1
Stealth        | |  1.9
Spellcasting   | |  2.4
Conjurations   | |  1.6

Action                   || total
-------------------------++-------
Melee: Unarmed           ||     2
       Whip              ||    18
       Touch             ||     4
       Punch             ||     1
 Cast: Foxfire           ||    66
  Use: Potion            ||     1
Armor: Robe              ||     9
Dodge: Dodged            ||    37
